 Dungeon Crawl Stone Soup version 0.23.0-28-g6fe0f4d (webtiles) character file.

Game seed: 12472147515130502423

75 Borgoz the Ruffian (level 4, 0/37 HPs)
             Began as a Ghoul Warper on Feb 25, 2019.
             Slain by Purgy (1 damage)
             ... in a sewer.
             The game lasted 00:05:30 (2219 turns).

Borgoz the Ruffian (Ghoul Warper)                   Turns: 2219, Time: 00:05:31

Health: 0/37       AC:  5    Str: 12 (14) XL:     4   Next: 31%
Magic:  0/6        EV: 11    Int:  6 (8)  God:
Gold:   179        SH:  0    Dex:  9      Spells: 5/7 levels left

rFire    . . .     SeeInvis .     - Unarmed
rCold    + + .     Gourm    .   (no shield)
rNeg     + + +     Faith    .   k - +0 ring mail (curse)
rPois    ∞         Spirit   +   (no helmet)
rElec    .         Reflect  .   (no cloak)
rCorr    .         Harm     .   (no gloves)
MR       .....                  (no boots)
Stlth    +.........             l - amulet of guardian spirit
HPRegen  0.00/turn              e - ring of wizardry
MPRegen  0.10/turn              a - ring of protection from cold

@: very slightly contaminated, rotting
A: rotting body, claws 1, carnivore, cold resistance 1, negative energy
resistance 3, inhibited regeneration, torment resistance, unbreathing
a: no special abilities


You were in a sewer.
You were not hungry.

You visited 1 branch of the dungeon, and saw 3 of its levels.
You also visited: Sewer.

You collected 179 gold pieces.

Inventory:

Missiles
 d - a tomahawk of dispersal (quivered)
Armour
 k - a cursed +0 ring mail (worn)
Jewellery
 a - a ring of protection from cold (right claw)
 e - a ring of wizardry (left claw)
 l - an amulet of guardian spirit (around neck)
Scrolls
 g - a scroll of remove curse
Comestibles
 f - 5 rations


   Skills:
 + Level 2.5 Fighting
 - Level 0.8 Throwing
 + Level 1.3 Armour
 * Level 2.5 Dodging
 + Level 1.3 Stealth
 * Level 3.1 Unarmed Combat
 + Level 2.0 Spellcasting
 + Level 2.8 Translocations


You had 5 spell levels left.
You knew the following spells:

 Your Spells              Type           Power        Failure   Level  Hunger
a - Blink                 Tloc           N/A          16%         2    ###....

Your spell library contained the following spells:

 Spells                   Type           Power        Failure   Level  Hunger
 Shroud of Golubria       Chrm/Tloc      #.........   28%         2    ###....
 Gell's Gravitas          Tloc           #.........   32%         3    ####...
 Lesser Beckoning         Tloc           #.........   32%         3    ####...
 Teleport Other           Tloc           #.......     32%         3    ####...
 Passage of Golubria      Tloc           N/A          69%         4    #####..


Dungeon Overview and Level Annotations

Branches:
Dungeon (3/15)

Altars:

Annotations:
Sewer Purgy


Innate Abilities, Weirdness & Mutations

Your body is rotting away.
You thrive on raw meat.
You are immune to poison.
You have sharp fingernails.
You are carnivorous and can eat meat at any time.
Your flesh is cold resistant. (rC+)
You are immune to negative energy. (rN+++)
You do not regenerate when monsters are visible.
You are immune to unholy pain and torment.
You can survive without breathing.


Message History

Purgy barely misses you. Purgy claws you.
You scratch Purgy.
Purgy is moderately wounded.
Purgy closely misses you. x2; Purgy misses you.
You claw Purgy!
Purgy is heavily wounded.
Purgy bites you.
* * * LOW HITPOINT WARNING * * *
Purgy claws you.
* * * LOW HITPOINT WARNING * * *
Purgy claws you.
* * * LOW HITPOINT WARNING * * *
You closely miss Purgy.
Purgy is heavily wounded.
Purgy closely misses you. Purgy claws you but does no damage.
Purgy closely misses you.
You scratch Purgy but do no damage.
Purgy is moderately wounded.
Purgy bites you. Purgy claws you.
You die...

##...## ##.## #.#
#.# #.# #######
#.# ##.....## #.#
#......$#
#####.####.....$$#
§..............T@#
##########.....$?#
#......$#
##.....## #######


You could see Purgy.

Vanquished Creatures
  2 adders (D:3)
  4 leopard geckos
  A ball python (D:1)
  10 bats
  3 giant cockroaches (D:1)
  5 goblins (D:1)
  6 hobgoblins
  2 jackals (D:1)
  2 quokkas (D:2)
  2 frilled lizards (D:1)
  3 kobolds
  9 rats
49 creatures vanquished.

Notes
Turn   | Place    | Note
-------+----------+-------------------------------------------
     0 | D:1      | Borgoz the Ghoul Warper began the quest for the Orb.
     0 | D:1      | Reached XP level 1. HP: 17/17 MP: 2/2
   157 | D:1      | Reached skill level 1 in Armour
   222 | D:1      | Reached XP level 2. HP: 22/24 MP: 3/3
   629 | D:1      | Reached XP level 3. HP: 30/30 MP: 4/4
   853 | D:1      | Reached skill level 1 in Stealth
  1147 | D:2      | Learned a level 2 spell: Blink
  1914 | D:3      | Reached skill level 3 in Unarmed Combat
  1914 | D:3      | Reached XP level 4. HP: 30/37 MP: 0/5
  1960 | D:3      | Found a glowing drain.
  1990 | Sewer    | Entered a sewer
  2177 | Sewer    | Noticed Purgy
  2217 | Sewer    | HP: 1/37 [Purgy (2)]
  2219 | Sewer    | Slain by Purgy

Skill      XL: |  1  2  3  4 |
---------------+-------------+-----
Armour         | 1 |  1.3
Dodging        | 2 |  2.5
Stealth        | 1 |  1.3
Unarmed Combat | 3 |  3.1
Spellcasting   | 2 |  2.0
Fighting       | |  2.5
Throwing       | |  0.8
Translocations | |  2.8

Action                   |  1- 3 |  4- 6 || total
-------------------------+-------+-------++-------
Melee: Unarmed           |   155 |    54 ||   209
Throw: Tomahawk          |       |     4 ||     4
  Use: Potion            |     1 |     3 ||     4
       Scroll            |     6 |     3 ||     9
  Eat: Chunk             |    20 |     1 ||    21
Armor: Leather armour    |    22 |       ||    22
       Ring mail         |    14 |    34 ||    48
Dodge: Dodged            |    91 |    67 ||   158
